Map: Babylon LE

Players

NORTHAMERICA

  • Race: Protoss Protoss
  • League: Grandmaster
  • Spawn Location: 5:00

Stats - Winner!

  • Race: Protoss Protoss
  • League: Master
  • Spawn Location: 11:00

VOD

Have the link to the VOD?

Description

Time

  • Played on: Sept. 28, 2023, 5:45 a.m.
  • Length: 9:08
Show
View Real Time Build Order
Export as new Build Order

NORTHAMERICA Protoss 

Build Orders: Archon Immortal 

Get SALT Encoding   

  12  0:00  Probe  
  13  0:12  Probe  
  14  0:19  Pylon  
  14  0:24  Probe  
  15  0:37  Probe (Chrono Boost)  
  15  0:39  Gateway  
  16  0:48  Assimilator, Probe (Chrono Boost)  
  17  0:53  Probe (Chrono Boost)  
  18  1:03  Probe  
  19  1:16  Probe  
  20  1:28  Probe, Cybernetics Core  
  20  1:29  Zealot  
  20  1:31  Pylon  
  23  1:37  Pylon  
  23  1:46  Assimilator  
  23  1:53  Probe  
  24  1:59  Pylon  
  24  2:04  Stalker (Chrono Boost)  
  24  2:05  Probe  
  27  2:14  Pylon  
  26  2:23  Nexus  
  26  2:25  Probe (Chrono Boost)  
  26  2:27  Warp Gate  
  27  2:32  Sentry  
  29  2:39  Probe (Chrono Boost)  
  30  2:46  Probe (Chrono Boost)  
  31  2:53  Gateway, Probe  
  31  2:57  Sentry  
  35  3:05  Probe (Chrono Boost)  
  35  3:13  Shield Battery  
  35  3:17  Robotics Facility, Probe (Chrono Boost)  
  36  3:23  Probe (Chrono Boost)  
  38  3:35  Probe (Chrono Boost)  
  38  3:36  Probe (Chrono Boost)  
  39  3:45  Probe (Chrono Boost)  
  39  3:47  Forge, Probe (Chrono Boost)  
  41  3:50  Probe (Chrono Boost)  
  42  3:56  Probe  
  42  4:02  Probe  
  44  4:05  Immortal (Chrono Boost)  
  44  4:08  Probe, Pylon  
  49  4:14  Probe (Chrono Boost)  
  49  4:16  Sentry  
  52  4:19  Pylon  
  52  4:20  Protoss Ground Weapons Level 1  
  53  4:25  Probe (Chrono Boost)  
  53  4:26  Assimilator  
  53  4:28  Probe (Chrono Boost)  
  53  4:29  Immortal (Chrono Boost)  
  54  4:33  Probe (Chrono Boost)  
  54  4:34  Probe (Chrono Boost)  
  56  4:39  Twilight Council  
  56  4:42  Probe  
  56  4:44  Probe, Observer (Chrono Boost)  
  59  4:54  Probe  
  59  4:56  Probe  
  61  5:01  Nexus  
  61  5:03  Pylon  
  61  5:04  Zealot  
  63  5:08  Charge  
  63  5:09  Observer  
  63  5:10  Probe  
  63  5:13  Probe  
  66  5:15  Immortal (Chrono Boost)  
  66  5:19  Gateway  
  66  5:20  Gateway  
  66  5:23  Shield Battery  
  66  5:29  Stalker x2  
  66  5:33  Probe  
  71  5:38  Immortal (Chrono Boost)  
  71  5:39  Probe  
  74  5:48  Shield Battery  
  74  5:49  Probe  
  75  5:51  Probe  
  75  5:54  Stalker  
  78  6:00  Pylon  
  78  6:04  Shield Battery  
  78  6:07  Gateway  
  78  6:12  Probe x2  
  78  6:13  Stalker  
  80  6:18  Protoss Ground Weapons Level 2 (Chrono Boost)  
  80  6:20  Templar Archives  
  80  6:22  Gateway  
  80  6:24  Probe x2  
  82  6:29  Probe  
  82  6:30  Zealot x2  
  86  6:36  Probe x2  
  88  6:40  Gateway  
  88  6:41  Probe  
  88  6:44  Gateway  
  89  6:49  Probe x2  
  89  6:53  Assimilator  
  91  6:56  Probe  
  91  6:57  Pylon  
  91  7:01  Probe x2  
  93  7:03  High Templar x2, Pylon  
  93  7:08  Archon, Gateway  
  97  7:10  Gateway  
  97  7:13  Zealot x2  
  101  7:18  Warp Prism (Chrono Boost)  
  101  7:20  Pylon x2  
  101  7:29  Photon Cannon  
  101  7:34  High Templar x2  
  105  7:38  Nexus  
  105  7:40  Archon, Zealot x3  
  109  7:48  Pylon  
  109  7:52  Probe  
  109  7:54  Zealot x3  
  109  7:58  Pylon  
  116  7:59  Pylon  
  116  8:02  High Templar x2  
  120  8:06  Archon  
  120  8:07  Zealot x4  
  128  8:15  Photon Cannon  
  128  8:16  Shield Battery  
  126  8:21  Zealot x4  
  134  8:28  High Templar x2  
  134  8:30  Probe  
  134  8:31  Probe  
  134  8:34  Archon, Pylon  
  140  8:35  Zealot x4  
  148  8:50  Pylon  
  148  8:53  Dark Shrine  
  148  8:54  Pylon  
  148  8:55  Zealot x5  
  120  8:58  Zealot x4  
  120  8:59  Zealot x3  
Show
View Real Time Build Order
Export as new Build Order

Stats Protoss - Winner!

Build Orders: Phoenix Opening, Blink Stalkers, Zealot Archon 

Get SALT Encoding   

  12  0:00  Probe  
  13  0:12  Probe  
  14  0:19  Pylon  
  14  0:24  Probe  
  15  0:37  Probe (Chrono Boost)  
  15  0:39  Gateway  
  16  0:47  Assimilator, Probe (Chrono Boost)  
  17  0:52  Probe  
  19  1:04  Probe  
  19  1:16  Probe  
  20  1:27  Cybernetics Core  
  20  1:32  Pylon  
  20  1:33  Zealot  
  20  1:34  Probe  
  23  1:44  Assimilator  
  23  1:50  Probe  
  24  1:55  Pylon  
  24  2:02  Stalker (Chrono Boost), Probe  
  24  2:06  Warp Gate  
  27  2:14  Probe  
  28  2:19  Nexus  
  28  2:28  Stalker  
  30  2:35  Pylon  
  30  2:43  Probe  
  30  2:50  Gateway  
  30  2:55  Probe  
  31  3:03  Sentry  
  33  3:07  Probe (Chrono Boost)  
  33  3:12  Twilight Council  
  34  3:17  Probe (Chrono Boost)  
  35  3:22  Probe (Chrono Boost)  
  36  3:28  Shield Battery  
  36  3:34  Phoenix, Probe x2 (Chrono Boost)  
  38  3:43  Probe x2 (Chrono Boost)  
  38  3:45  Blink (Chrono Boost), Pylon  
  38  3:48  Probe x2 (Chrono Boost)  
  42  3:59  Probe  
  42  4:00  Probe  
  42  4:02  Stalker  
  46  4:03  Stalker  
  48  4:12  Probe x2  
  50  4:23  Nexus  
  50  4:31  Stalker x2  
  50  4:33  Probe  
  50  4:34  Probe  
  56  4:38  Pylon  
  56  4:45  Probe  
  56  4:46  Probe  
  56  4:50  Pylon  
  56  4:52  Assimilator  
  58  4:58  Stalker x2  
  62  5:01  Probe x2  
  62  5:04  Forge  
  64  5:13  Probe x2  
  66  5:19  Gateway  
  66  5:22  Gateway  
  66  5:24  Adept x2  
  66  5:27  Probe x2  
  72  5:35  Protoss Ground Weapons Level 1 (Chrono Boost)  
  72  5:39  Probe x2  
  72  5:40  Probe  
  75  5:45  Gateway  
  75  5:46  Gateway  
  75  5:54  Probe x3  
  78  6:05  Gateway  
  78  6:06  Probe x3  
  78  6:08  Gateway  
  78  6:10  Pylon  
  81  6:21  Gateway  
  81  6:25  Zealot x2  
  81  6:28  Templar Archives  
  81  6:29  Pylon  
  81  6:31  Pylon  
  81  6:34  Zealot  
  81  6:35  Zealot  
  81  6:36  Probe  
  81  6:38  Charge, Pylon  
  86  6:40  Pylon  
  86  6:42  Pylon  
  86  6:43  Robotics Facility  
  86  6:48  Probe, Zealot x2  
  86  6:50  Zealot x2  
  95  6:55  Shield Battery  
  95  7:04  Zealot x4  
  103  7:22  High Templar x4  
  109  7:24  Zealot x5  
  109  7:29  Archon x2  
  121  7:31  Observer (Chrono Boost)  
  121  7:35  Nexus  
  121  7:36  Pylon  
  121  7:45  Warp Prism (Chrono Boost)  
  121  7:48  Zealot x5  
  133  7:52  Pylon  
  133  7:54  Pylon  
  133  8:03  High Templar  
  133  8:04  High Templar, Zealot x2  
  141  8:08  Archon, Pylon  
  140  8:20  Zealot x5  
  140  8:25  Zealot x2  
  154  8:29  Probe x3  
  155  8:44  High Templar x2, Zealot x3  
  155  8:45  Zealot x3  
  155  8:46  Zealot  
  173  8:50  Archon  
  134  9:08  Zealot x3  
Tags
 
Add a new tag
Caveats
  • Supply blocks, unpowered buildings, or Contaminate may cause inaccurate times.
  • Supply counts are checked every 10 seconds.